 Dungeon Crawl Stone Soup version 0.30.1-4-g462c640d31 (webtiles) character file.

Game seed: 10392138043013583007

30 arthad the Trooper (level 3, 0/24 HPs)
             Began as a Gargoyle Fighter on Aug 24, 2023.
             Slain by Grinder (4 damage)
             ... on level 3 of the Dungeon.
             The game lasted 00:02:51 (1716 turns).

arthad the Trooper (Gargoyle Fighter)               Turns: 1716, Time: 00:02:52

Health: 0/24       AC: 11    Str: 21    XL:     3   Next: 20%
Magic:  3/3        EV:  9    Int:  8    God:
Gold:   36         SH:  4    Dex:  9    Spells: 2/2 levels left

rFire   . . .        a - +0 flail
rCold   . . .        c - +0 buckler
rNeg    + . .        b - +0 scale mail
rPois   ∞            (no helmet)
rElec   +            h - +0 cloak
rCorr   .            (no gloves)
SInv    .            (no boots)
Will    .....        o - amulet of the acrobat Stlth
                     (no ring)
HPRegen 0.24/turn    (no ring)
MPRegen 0.08/turn

%: acrobat
@: no status effects
A: sickness immunity, AC +3, negative energy resistance 1, electricity
resistance, torment resistance 1, petrification resistance
a: no special abilities


You were on level 3 of the Dungeon.
You visited 1 branch of the dungeon, and saw 3 of its levels.

You collected 66 gold pieces.
You spent 30 gold pieces at shops.

Inventory:

Hand Weapons
 a - a +0 flail (weapon)
 e - a +0 morningstar
Missiles
 l - 2 boomerangs (quivered)
 n - 6 curare-tipped darts
Armour
 b - a +0 scale mail (worn)
 c - a +0 buckler (worn)
 h - a +0 cloak (worn)
Jewellery
 o - an amulet of the acrobat (around neck)
 p - an amulet of guardian spirit
Scrolls
 i - 2 scrolls of teleportation
 m - 2 scrolls of silence
 q - a scroll of immolation {unknown}
 r - a scroll of enchant armour {unknown}
Potions
 d - 2 potions of might
 f - 3 potions of lignification


   Skills:
 * Level 3.7 Fighting
 * Level 2.5 Maces & Flails
 + Level 3.5 Armour
 + Level 3.6 Shields


You had 2 spell levels left.
You didn't know any spells.
Your spell library contained the following spells:

 Spells                   Type           Power      Damage    Failure   Level
 Necrotise                Necr           0%         1d4       82%         1
 Gell's Gravitas          Tloc           0%         N/A       99%         3
 Teleport Other           Tloc           0%         N/A       99%         3
 Vampiric Draining        Necr           0%         2d6       99%         3
 Agony                    Necr           0%         N/A       100%        5
 Dispersal                Tloc           0%         N/A       100%        6


Dungeon Overview and Level Annotations

Branches:
Dungeon (3/15)

Altars:

Shops:
D:1 [*:   D:2 ?

Annotations:
D:3 Grinder


Innate Abilities, Weirdness & Mutations

You are immune to sickness and miasma.
Your stone body is resilient. (AC +3)
You are immune to poison.
You resist negative energy. (rN+)
You are resistant to electric shocks. (rElec)
You are resistant to unholy torment.
You are immune to petrification.


Message History

Grinder comes into view.
The kobold hits you but does no damage.
Things that are here:
a +0 dagger; a goblin corpse You sock the kobold!
You kill the kobold!
Grinder drinks a potion.
Grinder flickers and vanishes!
Deactivating autopickup; reactivate with Ctrl-A.
No target in view!
Things that are here:
a +0 club; a goblin corpse You start putting on your amulet.
You continue putting on your amulet of the acrobat. x5
You finish putting on your amulet of the acrobat.
You feel ready to tumble and roll out of harm's way.
o - an amulet of the acrobat (around neck)
Things that are here:
a +0 dagger; a goblin corpse You see here a +0 whip.
You hear the slow rusting of a very distant drain.
Something hits you!
You writhe in agony.
You see here a +0 whip.
You barely miss something.
Things that are here:
a +0 dagger; a goblin corpse Blink to where?
Press: ? - help, Dir - move target
As you read the scroll labelled FEOLYEVEALAGO, it crumbles to dust.
It was a scroll of blinking.
Something tries to affect you, but you resist.
You barely miss something.
You swing at nothing.
Something hits you.
You writhe in agony.
You closely miss something. Something hits you.
You barely miss something.
Something tries to affect you, but you resist.
You closely miss something. Pain shoots through your body!
* * * LOW HITPOINT WARNING * * *
Something hits you.
You die...

.## ..# .. ##.# #.# ####
.. ... #.# #.. .. #.# #.#
#.# #. #.###.#####.# #.
##...........####### #.
#..................#
#.####.####.###.#######.##
#..))).....@# #..........#
#..#.##.######
#.#######..# #.#...##.#
#.# #..# # ##.###.# #.#
#..# .. ... #.# #..# ##.
#.# #.##### #..### ## #.#
......#(.... .# #.......
#..#<###


There were no monsters in sight!

Vanquished Creatures
  An orc (D:2)
  5 endoplasms (D:1)
  A giant cockroach (D:2)
  3 goblins
  3 hobgoblins
  3 kobolds
  2 quokkas
  3 frilled lizards
  5 rats
26 creatures vanquished.

Notes
Turn   | Place    | Note
-------+----------+-------------------------------------------
     0 | D:1      | arthad the Gargoyle Fighter began the quest for the Orb.
     0 | D:1      | Reached XP level 1. HP: 14/14 MP: 1/1
   180 | D:1      | Found Xuifrel's General Store.
   233 | D:1      | Reached XP level 2. HP: 19/19 MP: 2/2
   257 | D:1      | Found Baawavau's Antique Armour Emporium.
   292 | D:1      | Found Pythio's General Store.
   311 | D:1      | Bought a scroll of teleportation for 30 gold pieces
   343 | D:1      | Found Gehye's Book Shop.
  1363 | D:2      | Reached XP level 3. HP: 24/24 MP: 3/3
  1394 | D:2      | Found Luor's Magic Scroll Shop.
  1694 | D:3      | Noticed Grinder
  1716 | D:3      | Slain by Grinder

Illustrated notes

Levels and vault maps discovered:
D:1:      amcnicky_arrival_double_pillar, layout_basic, serial_shops, shop,
          shop, shop, nicolae_shop_stone
D:2:      layout_basic, serial_shops, shop
D:3:      layout_loops_ring, portal_sewer_entry_d, uniq_grinder

Action                     || total
---------------------------++-------
  Melee: Flail             ||    60
    Use: Scroll            ||     5
 Armour: Scale mail        ||    21
  Dodge: Dodged            ||    19
  Block: Buckler           ||    11
